 Seeded DCSS version 0.28.0-62-gf88900778d (webtiles) character file.

Game seed: 18446744073709551615 (custom seed)

286 Mickster the Chopper (level 6, -1/56 HPs)
             Began as a Hill Orc Berserker on Apr 29, 2023.
             Was a Believer of Trog.
             Slain by an ogre
             ... wielding a +0 giant spiked club
              (30 damage)
             ... on level 4 of the Dungeon.
             The game lasted 00:14:21 (2086 turns).

Mickster the Chopper (Hill Orc Berserker)           Turns: 2086, Time: 00:14:22

Health: -1/56      AC: 12    Str: 19 (22) XL:     6   Next: 30%
Magic:  6/6        EV:  8    Int:  6 (7)  God:    Trog [**....]
Gold:   137        SH:  0    Dex: 10      Spells: 5/5 levels left

rFire   . . .      SeeInvis .   l - +0 halberd (flame)
rCold   . . .      Faith    .   (shield currently unavailable)
rNeg    + . .      Spirit   .   d - +0 chain mail {rN+}
rPois   .          Reflect  .   (no helmet)
rElec   .          Harm     .   e - +2 cloak
rCorr   .          Rampage  .   (no gloves)
Will    .....                   (no boots)
Stlth   ..........              (no amulet)
HPRegen 0.18/turn               f - ring of flight
MPRegen 0.10/turn               (no ring)

@: flying
A: no striking features
a: Renounce Religion, Berserk, Trog's Hand


You were on level 4 of the Dungeon.
You worshipped Trog.
Trog was pleased with you.
You visited 1 branch of the dungeon, and saw 4 of its levels.

You collected 137 gold pieces.

Inventory:

Hand Weapons
 a - a +0 hand axe
 j - the +1 dagger "Goblinslayer" {spect, *Noise Fly rN+ Dex+4}
   (You found it on level 4 of the Dungeon)

   When its wielder attacks, the weapon's spirit leaps out and strikes again.
   The spirit shares a part of any damage it takes with its wielder.
   Dex:       It affects your dexterity (+4).
   rN:        It protects you from negative energy.
   Fly:       It grants you flight.
   *Noise:    It may make noises in combat.
 l - a +0 halberd of flaming (weapon)
Missiles
 b - 6 poisoned darts (quivered)
 c - 3 throwing nets
 g - 28 stones
Armour
 d - a +0 chain mail of positive energy (worn)
 e - a +2 cloak (worn)
Jewellery
 f - a ring of flight (left hand)
Scrolls
 k - a scroll of identify
Potions
 h - a potion of haste
 i - 2 potions of curing


   Skills:
 + Level 5.2 Fighting
 - Level 0.5 Short Blades
 - Level 6.8 Axes
 + Level 3.4 Armour
 + Level 2.0 Dodging


You had 5 spell levels left.
You didn't know any spells.
Your spell library was empty.

Dungeon Overview and Level Annotations

Branches:
Dungeon (4/15)
 Temple: D:4-7

Altars:


Message History

You recover from your berserk rage.
You start resting.
HP restored.
You start waiting.
Done waiting.
Your +0 halberd of flaming bursts into flame!
l - a +0 halberd of flaming (weapon)
Found an escape hatch in the ceiling.
A giant cockroach comes into view.
You hit the giant cockroach. You burn the giant cockroach.
You kill the giant cockroach!
Trog accepts your kill.
You see here a giant cockroach corpse.
A kobold comes into view. It is wielding a +0 club.
The kobold shouts!
The kobold hits you but does no damage.
You hit the kobold. You burn the kobold.
The kobold is severely wounded.
The kobold hits you but does no damage.
You closely miss the kobold.
The kobold is severely wounded.
The kobold completely misses you.
You closely miss the kobold.
The kobold is severely wounded.
The kobold hits you but does no damage.
You slash the kobold! You burn the kobold.
You kill the kobold!
Trog accepts your kill.
You see here a +0 club.
Found a ring mail.
You see here a +0 ring mail.
An ogre comes into view. It is wielding a +0 giant spiked club.
You barely miss the ogre.
The ogre hits you with a +0 giant spiked club!!
Ouch! That really hurt!
You puncture the ogre! You burn the ogre.
The ogre is heavily wounded.
The ogre hits you with a +0 giant spiked club!!
Ouch! That really hurt!
You die...

#.# #.# #.# #.#
#.# #.# #O# #@#
################.#
.................#
################.#
###


You could see an ogre.

Vanquished Creatures
  Sigmund (D:2)
  A hound (D:3)
  4 gnolls (D:4)
  An adder (D:2)
  An adder zombie (D:4)
  A worm (D:2)
  A dart slug (D:1)
  2 orcs
  2 bats (D:1)
  2 endoplasms (D:2)
  3 giant cockroaches
  2 goblins
  4 hobgoblins
  3 kobolds
  3 quokkas
  5 ball pythons
  3 frilled lizards (D:1)
  2 rats
41 creatures vanquished.

Notes
Turn   | Place    | Note
-------+----------+-------------------------------------------
     0 | D:1      | Mickster the Hill Orc Berserker began the quest for the
                  | Orb.
     0 | D:1      | Reached XP level 1. HP: 19/19 MP: 1/1
   168 | D:1      | Reached XP level 2. HP: 23/27 MP: 2/2
   737 | D:2      | Reached XP level 3. HP: 33/33 MP: 3/3
   891 | D:2      | Reached skill level 5 in Axes
   937 | D:2      | Noticed Sigmund
   947 | D:2      | Killed Sigmund
   947 | D:2      | Reached ** piety under Trog
   948 | D:2      | Reached skill level 5 in Fighting
   948 | D:2      | Reached skill level 6 in Axes
   948 | D:2      | Reached XP level 4. HP: 42/42 MP: 4/4
   948 | D:2      | Reached XP level 5. HP: 48/48 MP: 5/5
  1260 | D:3      | Reached XP level 6. HP: 46/56 MP: 6/6
  1624 | D:4      | Identified the +1 dagger "Goblinslayer" {spect, *Noise Fly
                  | rN+ Dex+4}
  2086 | D:4      | Slain by an ogre

Illustrated notes

Levels and vault maps discovered:
D:1:      matt_arrival_refuge, layout_basic, ebering_ecumenical_altar_hall
D:2:      layout_rooms, uniq_sigmund
D:3:      layout_loops_cross, uniq_jessica, uniq_grinder
D:4:      layout_basic, uniq_blork_the_orc

Skill      XL: |  1  2  3  4  5 |
---------------+----------------+-----
Fighting       | 4 5 |  5.2
Axes           | 6 |  6.8
Dodging        | 2 |  2.0
Armour         | 3 |  3.4
Short Blades   | |  0.5

Action                   |  1- 3 |  4- 6 || total
-------------------------+-------+-------++-------
Melee: Hand axe          |    76 |    26 ||   102
       Punch             |     1 |     1 ||     2
       Dagger            |       |    18 ||    18
       Halberd           |       |     7 ||     7
Throw: Dart              |       |     1 ||     1
Invok: Berserk           |     2 |     1 ||     3
       Trog's Hand       |       |     1 ||     1
  Use: Potion            |     1 |     2 ||     3
       Scroll            |       |     1 ||     1
Armor: Animal skin       |     5 |       ||     5
       Chain mail        |    45 |    20 ||    65
Dodge: Dodged            |    37 |    23 ||    60
